 Dungeon Crawl Stone Soup version 0.30-b1-2-g02819fbbbe (webtiles) character file.

Game seed: 14820851747563963801

121 Fruits the Cutter (level 5, -1/43 HPs)
             Began as a Gnoll Reaver on July 28, 2023.
             Slain by a gnoll
             ... wielding a +0 whip
             ... led by a gnoll bouda
              (5 damage)
             ... on level 2 of the Dungeon.
             The game lasted 00:18:30 (1549 turns).

Fruits the Cutter (Gnoll Reaver)                    Turns: 1549, Time: 00:18:30

Health: -1/43      AC:  4    Str: 12    XL:     5   Next: 5%
Magic:  12/12      EV: 13    Int: 12    God:
Gold:   115        SH:  0    Dex: 12    Spells: 11/14 levels left

rFire   x . .        a - +0 short sword
rCold   + . .        (no shield)
rNeg    . . .        b - +0 leather armour
rPois   .            (no helmet)
rElec   .            q - +0 cloak
rCorr   .            (no gloves)
SInv    .            (no boots)
Will    .....        (no amulet)
Stlth   +            o - ring of ice
HPRegen 0.27/turn    (no ring)
MPRegen 0.13/turn

%: no passive effects
@: no status effects
A: fangs 1, strong nose, distributed training
a: no special abilities


You were on level 2 of the Dungeon.
You visited 1 branch of the dungeon, and saw 3 of its levels.

You collected 115 gold pieces.

Inventory:

Hand Weapons
 a - a +0 short sword (weapon)
 d - a +0 dagger
 e - a +0 whip
 f - a +0 dagger
 j - a +0 dagger
 k - a +0 dagger
 l - a +0 dagger
 n - a +0 whip
 s - a +0 short sword
 u - a +0 club
 v - a +0 whip
Missiles
 g - 25 stones
 i - 5 poisoned darts (quivered)
Armour
 b - a +0 leather armour (worn)
 m - a +0 scale mail
 q - a +0 cloak (worn)
 t - a +0 robe
 y - a +0 leather armour
 z - a +0 leather armour
Jewellery
 o - a ring of ice (left hand)
 x - a +5 ring of evasion
Scrolls
 h - a scroll of teleportation
 p - a scroll of blinking {unknown}
 A - a scroll of immolation {unknown}
Potions
 c - a potion of berserk rage
 r - 2 potions of curing {unknown}
 w - a potion of degeneration {unknown}


   Skills:
 + Level 4.7 Fighting
 + Level 6.6 Short Blades
 + Level 1.4 Long Blades
 + Level 1.4 Axes
 + Level 1.4 Maces & Flails
 + Level 1.4 Polearms
 + Level 1.4 Staves
 + Level 1.4 Ranged Weapons
 + Level 1.4 Throwing
 + Level 1.4 Armour
 + Level 4.7 Dodging
 + Level 1.4 Stealth
 + Level 1.4 Shields
 + Level 1.4 Unarmed Combat
 + Level 5.1 Spellcasting
 + Level 5.5 Conjurations
 + Level 1.1 Hexes
 + Level 1.1 Summonings
 + Level 1.1 Necromancy
 + Level 1.1 Translocations
 + Level 1.1 Transmutations
 + Level 1.1 Fire Magic
 + Level 1.1 Ice Magic
 + Level 1.1 Air Magic
 + Level 1.1 Earth Magic
 + Level 1.1 Poison Magic
 + Level 1.5 Invocations
 + Level 1.4 Evocations


You had 11 spell levels left.
You knew the following spells:

 Your Spells              Type           Power      Damage    Failure   Level
a - Kiss of Death         Conj/Necr      44%        2d8       6%          1
b - Searing Ray           Conj           32%        2d5       3%          2

Your spell library contained the following spells:

 Spells                   Type           Power      Damage    Failure   Level
 Magic Dart               Conj           64%        1d6       2%          1
 Momentum Strike          Conj/Tloc      22%        3d8       10%         2
 Hailstorm                Conj/Ice       16%        3d6       19%         3
 Blink                    Tloc           10%        N/A       24%         2
 Lesser Beckoning         Tloc           10%        N/A       24%         2
 Fulminant Prism          Conj/Hex       5%         3d7       54%         4


Dungeon Overview and Level Annotations

Branches:
Dungeon (3/15)

Altars:


Innate Abilities, Weirdness & Mutations

You have very sharp teeth.
Your uncanny sense of smell can sniff out nearby items.
Your experience applies equally to all skills.


Message History

The gnoll bouda hits you but does no damage.
Your attacks no longer feel as feeble.
The gnoll bouda gazes fiercely through you!
You feel your attacks grow feeble. The gnoll attacks as you move away!
The gnoll hits you with a +0 whip.
* * * LOW HITPOINT WARNING * * *
The gnoll bouda attacks as you move away!
The gnoll bouda misses you.
The gnoll bouda gazes fiercely through you!
You feel as though you will be weak longer.
The gnoll attacks as you move away! The gnoll misses you.
The gnoll bouda attacks as you move away!
The gnoll bouda barely misses you. The gnoll attacks as you move away!
The gnoll barely misses you.
The gnoll bouda attacks as you move away!
The gnoll bouda closely misses you.
The gnoll is no longer moving quickly.
The gnoll bouda barks out a call to the hunt!
The gnolls pick up the pace!
The gnoll hits you with a +0 whip!
* * * LOW HITPOINT WARNING * * *
The gnoll attacks as you move away! The gnoll misses you.
The gnoll is no longer moving quickly.
The gnoll bouda barks out a call to the hunt!
The gnoll picks up the pace!
The gnoll misses you.
The gnoll hits you from afar with a +0 spear.
* * * LOW HITPOINT WARNING * * *
The gnoll bouda calls upon its god to heal the gnoll.
The gnoll's wounds heal themselves!
The gnoll completely misses you.
There is a stone staircase leading up here.
The gnoll completely misses you.
You climb upwards.
Your attacks no longer feel as feeble.
There is a stone staircase leading down here.
The gnoll barely misses you. The gnoll attacks as you move away!
The gnoll barely misses you.
The gnoll is no longer moving quickly.
The gnoll attacks as you move away! The gnoll hits you with a +0 whip.
You die...

##################
#................#
##########.##############.#
...........# ####### #.#
...........# #.....# #.#
...........# #.....# #.#
...........# #.....######.#
...........###............#
..............>g@....######
#########............#
....... #............#
....... #...........##
.......##....)......#
....................#
....................#
..###...............#
#...............#


You could see a gnoll.

Vanquished Creatures
  3 adders (D:2)
  4 gnolls (D:2)
  5 bats
  5 endoplasms
  A giant cockroach (D:1)
  4 goblins (D:1)
  2 hobgoblins (D:1)
  6 jackals
  6 kobolds
  3 quokkas
  5 ball pythons
  7 frilled lizards
  5 rats
56 creatures vanquished.

Notes
Turn   | Place    | Note
-------+----------+-------------------------------------------
     0 | D:1      | Fruits the Gnoll Reaver began the quest for the Orb.
     0 | D:1      | Reached XP level 1. HP: 20/20 MP: 6/6
   119 | D:1      | Reached XP level 2. HP: 26/26 MP: 7/7
   363 | D:1      | Reached skill level 5 in Spellcasting
   363 | D:1      | Reached XP level 3. HP: 26/31 MP: 7/9
   475 | D:1      | Reached skill level 1 in Invocations
   621 | D:2      | Reached skill level 1 in Long Blades
   621 | D:2      | Reached skill level 1 in Axes
   621 | D:2      | Reached skill level 1 in Maces & Flails
   621 | D:2      | Reached skill level 1 in Polearms
   621 | D:2      | Reached skill level 1 in Staves
   621 | D:2      | Reached skill level 1 in Ranged Weapons
   621 | D:2      | Reached skill level 1 in Throwing
   621 | D:2      | Reached skill level 1 in Armour
   621 | D:2      | Reached skill level 1 in Stealth
   621 | D:2      | Reached skill level 1 in Shields
   621 | D:2      | Reached skill level 1 in Unarmed Combat
   621 | D:2      | Reached skill level 1 in Evocations
   756 | D:2      | Reached XP level 4. HP: 34/38 MP: 11/11
  1010 | D:2      | Reached skill level 1 in Hexes
  1010 | D:2      | Reached skill level 1 in Summonings
  1010 | D:2      | Reached skill level 1 in Necromancy
  1010 | D:2      | Reached skill level 1 in Translocations
  1010 | D:2      | Reached skill level 1 in Transmutations
  1010 | D:2      | Reached skill level 1 in Fire Magic
  1010 | D:2      | Reached skill level 1 in Ice Magic
  1010 | D:2      | Reached skill level 1 in Air Magic
  1010 | D:2      | Reached skill level 1 in Earth Magic
  1010 | D:2      | Reached skill level 1 in Poison Magic
  1271 | D:2      | Reached XP level 5. HP: 40/43 MP: 12/12
  1466 | D:3      | Learned a level 2 spell: Searing Ray
  1537 | D:3      | HP: 1/43 [gnoll/+0 spear[a gnoll bouda] (4)]
  1549 | D:2      | Slain by a gnoll

Illustrated notes

Levels and vault maps discovered:
D:1:      minmay_arrival_radiant_lines, layout_rooms,
          amcnicky_mini_rare_corridor_liquid
D:2:      layout_basic
D:3:      layout_loops_cross, regret_index_temple_of_mockery,
          gammafunk_temple_overflow_wave, mainiacjoe_overflow_24_doors,
          grunt_decor_junction, serial_park_tiny_1,
          ebering_dispersal_statue_hall

Skill      XL: |  1  2  3  4 |
---------------+-------------+-----
Spellcasting   | 5 |  5.1
Invocations    | 1 |  1.5
Long Blades    | 1 |  1.4
Axes           | 1 |  1.4
Maces & Flails | 1 |  1.4
Polearms       | 1 |  1.4
Staves         | 1 |  1.4
Ranged Weapons | 1 |  1.4
Throwing       | 1 |  1.4
Armour         | 1 |  1.4
Stealth        | 1 |  1.4
Shields        | 1 |  1.4
Unarmed Combat | 1 |  1.4
Evocations     | 1 |  1.4
Hexes          | 1 |  1.1
Summonings     | 1 |  1.1
Necromancy     | 1 |  1.1
Translocations | 1 |  1.1
Transmutations | 1 |  1.1
Fire Magic     | 1 |  1.1
Ice Magic      | 1 |  1.1
Air Magic      | 1 |  1.1
Earth Magic    | 1 |  1.1
Poison Magic   | 1 |  1.1
Fighting       | |  4.7
Short Blades   | |  6.6
Dodging        | |  4.7
Conjurations   | |  5.5

Action                     |  1- 3 |  4- 6 || total
---------------------------+-------+-------++-------
  Melee: Short sword       |   170 |    89 ||   259
         Bite              |     9 |    10 ||    19
         Punch             |     1 |     3 ||     4
  Throw: Dart              |       |     3 ||     3
   Cast: Searing Ray       |       |     1 ||     1
    Use: Scroll            |     4 |     2 ||     6
         Potion            |     1 |       ||     1
   Stab: Sleeping          |     1 |     1 ||     2
 Armour: Leather armour    |    40 |    12 ||    52
  Dodge: Dodged            |   105 |    50 ||   155
